Map: Orbital Shipyard

Players

lesha - Winner!

  • Race: Terran Terran
  • League: Gold

Annival

  • Race: Protoss Protoss
  • League: Gold

VOD

Have the link to the VOD?

Description

Time

  • Played on: Jan. 15, 2016, 8:49 a.m.
  • Length: 10:26
Show
View Real Time Build Order
Export as new Build Order

lesha Terran - Winner!

Build Orders: Reaper Expand, MMM Bio 

Get SALT Encoding   

  12  0:01  SCV  
  13  0:13  SCV  
  14  0:18  Supply Depot  
  14  0:25  SCV  
  15  0:39  SCV  
  15  0:40  Barracks  
  16  0:45  Refinery  
  16  0:53  SCV  
  17  1:05  SCV  
  18  1:17  SCV  
  19  1:29  Reaper  
  19  1:30  Orbital Command  
  20  1:43  Command Center  
  20  1:57  SCV  
  20  1:59  Supply Depot  
  21  2:04  Refinery  
  21  2:09  SCV  
  22  2:19  Barracks Reactor  
  22  2:21  SCV  
  23  2:30  Factory  
  23  2:34  Barracks  
  23  2:37  SCV  
  24  2:49  SCV  
  24  3:02  SCV  
  25  3:06  Barracks  
  25  3:08  Marine x2  
  27  3:16  Factory Tech Lab, Starport  
  27  3:22  SCV  
  27  3:23  Orbital Command  
  28  3:34  SCV  
  29  3:38  Engineering Bay, Marine  
  29  3:41  Barracks Tech Lab  
  30  3:42  Marine  
  30  3:46  SCV  
  32  3:49  SCV  
  33  3:58  SCV  
  34  4:08  Marine x2  
  35  4:10  Barracks Reactor  
  35  4:13  Siege Tank  
  35  4:15  Stimpack  
  38  4:18  Starport Reactor, Marauder  
  40  4:25  SCV x2  
  40  4:30  Refinery  
  42  4:36  Missile Turret  
  42  4:37  SCV x2  
  44  4:39  Missile Turret  
  44  4:41  Terran Infantry Weapons Level 1  
  44  4:44  Marine x2  
  46  5:08  Supply Depot  
  46  5:09  Supply Depot  
  46  5:14  SCV x2, Marauder, Marine x4  
  54  5:30  SCV x2, Medivac x2  
  54  5:32  Marine x2  
  54  5:33  Marine x2  
  54  5:34  Command Center  
  64  5:43  Supply Depot  
  64  5:44  Supply Depot, SCV  
  64  5:45  SCV  
  64  5:46  Supply Depot  
  66  5:50  Marine  
  66  5:57  SCV x2  
  68  6:01  Marine x2  
  70  6:04  Marine  
  70  6:05  Marauder  
  70  6:09  SCV x2  
  75  6:20  Marine x3  
  75  6:21  SCV x2  
  80  6:29  Barracks  
  80  6:33  Barracks  
  80  6:35  Supply Depot  
  80  6:37  Supply Depot  
  80  6:39  Marauder  
  82  6:51  Combat Shields  
  82  6:53  Terran Infantry Armor Level 1  
  82  6:57  Marine x4  
  86  7:05  Medivac x2  
  91  7:09  Marauder  
  91  7:14  Marine  
  93  7:20  Marine x3  
  93  7:21  Barracks Tech Lab x2  
  96  7:24  Siege Tank  
  96  7:27  SCV x2  
  96  7:29  Orbital Command  
  101  7:39  SCV  
  101  7:40  Marine  
  101  7:41  Marine x2  
  101  7:42  Marauder  
  107  7:49  Missile Turret  
  107  8:00  Marine x3, Marauder x2  
  107  8:01  Marine  
  107  8:02  Medivac  
  107  8:03  Siege Tank  
  120  8:07  SCV  
  120  8:08  SCV x2  
  120  8:11  Marauder  
  125  8:19  Engineering Bay  
  125  8:25  Armory  
  125  8:48  Marine  
  125  8:51  SCV  
  125  8:59  Marine  
  125  9:10  SCV, Marine  
  125  9:14  Marine  
  125  9:17  Marine  
  125  9:18  SCV, Marauder, Marine  
  125  9:21  Marauder  
  125  9:38  Medivac x2, Marine x4  
  133  9:39  Marauder  
  133  9:40  Marauder  
  133  9:42  Marauder  
  139  9:46  Command Center  
  139  9:58  Barracks x3  
  136  10:00  Marauder  
  136  10:01  Barracks  
  136  10:04  Marauder  
Show
View Real Time Build Order
Export as new Build Order

Annival Protoss 

Build Orders: 1 Gate Expand 

Get SALT Encoding   

  12  0:01  Probe (Chrono Boost)  
  13  0:11  Probe (Chrono Boost)  
  14  0:18  Pylon  
  14  0:22  Probe (Chrono Boost)  
  15  0:36  Probe (Chrono Boost)  
  15  0:37  Gateway  
  16  0:44  Assimilator  
  16  0:47  Probe (Chrono Boost)  
  17  0:57  Probe (Chrono Boost)  
  18  1:08  Probe (Chrono Boost)  
  19  1:21  Nexus  
  19  1:35  Cybernetics Core  
  19  1:44  Gateway  
  19  1:51  Assimilator  
  19  1:57  Probe (Chrono Boost)  
  20  2:08  Probe (Chrono Boost)  
  21  2:11  Pylon  
  21  2:17  Adept  
  21  2:19  Warp Gate  
  23  2:34  Probe (Chrono Boost)  
  23  2:36  Mothership Core (Chrono Boost), Adept  
  28  2:44  Probe (Chrono Boost)  
  28  2:51  Adept  
  31  2:54  Probe (Chrono Boost)  
  31  2:56  Probe (Chrono Boost)  
  33  3:05  Pylon  
  33  3:08  Adept  
  37  3:12  Probe (Chrono Boost)  
  37  3:13  Probe (Chrono Boost)  
  37  3:16  Pylon  
  37  3:29  Stalker  
  39  3:39  Pylon  
  39  3:40  Stargate  
  41  4:16  Gateway  
  39  4:18  Gateway  
  39  4:24  Nexus, Oracle (Chrono Boost)  
  39  4:25  Pylon  
  39  4:28  Probe  
  39  4:30  Probe  
  44  4:33  Assimilator  
  44  4:37  Assimilator  
  44  4:56  Pylon  
  44  4:58  Stalker x2  
  48  5:01  Oracle (Chrono Boost)  
  51  5:09  Probe  
  51  5:10  Probe  
  53  5:21  Robotics Facility  
  53  5:22  Probe  
  53  5:26  Probe, Pylon  
  55  5:34  Probe  
  56  5:36  Probe, Pylon  
  54  6:23  Forge  
  54  6:26  Stalker x2  
  54  6:27  Stalker x2  
  54  6:31  Probe, Forge  
  63  6:32  Probe  
  63  6:34  Probe  
  65  6:42  Probe  
  65  6:45  Probe x2  
  65  6:46  Protoss Ground Weapons Level 1  
  65  6:49  Pylon  
  65  6:52  Probe  
  66  6:55  Probe  
  66  6:57  Probe  
  66  7:00  Twilight Council  
  68  7:02  Protoss Ground Armor Level 1  
  68  7:03  Probe  
  68  7:04  Stalker x3  
  68  7:06  Probe  
  76  7:09  Probe, Phoenix (Chrono Boost)  
  76  7:13  Probe  
  80  7:16  Probe  
  80  7:21  Probe  
  80  7:22  Stalker  
  84  7:26  Probe  
  85  7:32  Immortal (Chrono Boost)  
  85  7:33  Probe  
  90  7:40  Probe  
  90  7:42  Pylon  
  90  7:43  Assimilator  
  91  7:45  Probe  
  91  7:46  Probe  
  91  7:50  Stalker x2  
  97  7:52  Probe  
  97  7:55  Phoenix  
  97  7:57  Probe  
  102  7:58  Probe  
  102  8:05  Probe, Gateway  
  103  8:07  Stalker  
  105  8:13  Gateway  
  105  8:14  Gateway  
  105  8:18  Blink  
  105  8:22  Probe x2  
  105  8:26  Immortal (Chrono Boost), Assimilator  
  111  8:29  Gateway  
  111  8:41  Pylon  
  111  8:43  Pylon  
  103  8:55  Stalker  
  103  8:56  Stalker x2  
  103  8:58  Pylon  
  103  8:59  Stalker, Pylon  
  108  9:07  Pylon  
  108  9:08  Pylon  
  81  9:19  Stalker x3  
  81  9:20  Stalker  
  70  9:31  Stalker x3  
  68  9:33  Sentry  
  70  9:54  Stalker x5  
  70  9:55  Stalker  
  82  10:07  Stalker x2  
  80  10:18  Sentry  
Tags
 
Add a new tag
Caveats
  • Supply blocks, unpowered buildings, or Contaminate may cause inaccurate times.
  • Supply counts are checked every 10 seconds.